 Dungeon Crawl Stone Soup version 0.31.0-11-ge490571c62 (webtiles) character file.

Game seed: 16472895029986187087

170 qw the Skirmisher (level 5, 0/29 HPs)
             Began as a Deep Elf Hunter on Feb 4, 2024.
             Incinerated by a bombardier beetle (4 damage)
             ... with a burning spray
             ... on level 4 of the Dungeon.
             The game lasted 00:00:09 (2465 turns).

qw the Skirmisher (Deep Elf Hunter)                 Turns: 2465, Time: 00:00:10

Health: 0/29       AC:  7    Str: 10    XL:     5   Next: 25%
Magic:  0/7        EV: 11    Int: 14    God:
Gold:   190        SH:  0    Dex: 18    Spells: 4/4 levels left

rFire   . . .        a - +0 shortbow
rCold   . . .        (shield currently unavailable)
rNeg    . . .        j - +1 ring mail {rPois}
rPois   +            g - +0 helmet
rElec   .            (no cloak)
rCorr   .            (no gloves)
SInv    .            (no boots)
Will    .....        i - amulet of guardian spirit
Stlth   +            (no ring)
HPRegen 0.24/turn    (no ring)
MPRegen 0.10/turn

%: guardian spirit
@: on fire, glowing
A: no striking features
a: no special abilities


You were on level 4 of the Dungeon.
You visited 2 branches of the dungeon, and saw 5 of its levels.

You collected 190 gold pieces.


   Skills:
 - Level 1.5 Fighting
 + Level 8.7 Ranged Weapons
 - Level 2.4 Dodging
 - Level 1.2 Stealth


You had 4 spell levels left.
You didn't know any spells.
Your spell library was empty.

Inventory:

Hand Weapons
 a - a +0 shortbow (weapon)
Armour
 g - a +0 helmet (worn)
 j - a +1 ring mail of poison resistance (worn)
Jewellery
 i - an amulet of guardian spirit (around neck)
Wands
 k - a wand of charming (11)
Potions
 b - a potion of enlightenment {unknown}
 c - a potion of might
 d - 3 potions of haste
 e - a potion of heal wounds
 f - 3 potions of curing

Dungeon Overview and Level Annotations

Branches:
Dungeon (4/15)             Temple (1/1) D:4

Altars:
Ashenzari
Elyvilon
Gozag
Kikubaaqudgha
Nemelex Xobeh
Vehumet
Wu Jian
Yredelemnul
Zin
The Shining One

Shops:
D:1 :


Message History

You climb upwards.
Welcome back to the Dungeon!
There is a staircase to the Ecumenical Temple here.
You enter the shallow water.
Moving in this stuff is going to be slow.
An orc comes into view. It is wielding a +0 trident.
You shoot an arrow. The orc shouts!
The arrow hits the orc!
You kill the orc!
A bombardier beetle comes into view.
Found a tower shield.
You shoot an arrow. The arrow hits the bombardier beetle.
The bombardier beetle is moderately wounded.
The bombardier beetle sprays incendiary fluid at you.
The burning spray hits you.
You are covered in liquid fire!
You shoot an arrow. The arrow hits the bombardier beetle.
The bombardier beetle is heavily wounded.
The liquid fire burns you!
You are on fire!
The liquid fire burns you!
You are on fire!
The liquid fire burns you!
You shoot an arrow. The arrow hits the bombardier beetle.
The bombardier beetle is almost dead.
The liquid fire burns you!
The bombardier beetle sprays incendiary fluid at you.
The burning spray hits you.
You are even more covered in liquid fire!
You shoot an arrow. The arrow hits the bombardier beetle.
You kill the bombardier beetle!
The liquid fire burns you!
You have reached level 5!
You are on fire!
The liquid fire burns you!
You are on fire!
The liquid fire burns you!
You are on fire!
The liquid fire burns you!
You die...

#..~~¤~~.# #.¤¤~¤¤~~#
#.~¤¤>~¤~#
#####.~¤¤¤¤~¤#
#......~¤¤¤~.##
#.......~~~...#####.##
#.....##..............
#.........####.####.##
#..(...#### #.@.#
#......# ###..#
######.###### #....
##...........## ......
#.............## .....
...............# [....
............|..# ....
...............# ....
..[..........<.#


There were no monsters in sight!

Vanquished Creatures
  2 bombardier beetles (D:4)
  3 adders
  2 dart slugs
  A ribbon worm (D:2)
  2 orcs
  4 ball pythons
  4 endoplasms
  5 giant cockroaches
  7 hobgoblins
  4 jackals (D:1)
  3 quokkas
  4 bats
  4 frilled lizards
  7 goblins
  7 kobolds
  6 rats
65 creatures vanquished.

Notes
Turn   | Place    | Note
-------+----------+-------------------------------------------
     0 | D:1      | qw the Deep Elf Hunter began the quest for the Orb.
     0 | D:1      | Reached XP level 1. HP: 12/12 MP: 3/3
     0 | D:1      | 0 ||| qw: Version: 0.3-a-160-g6735b56
     0 | D:1      | 0 ||| qw: Game counter: 5697
     0 | D:1      | 0 ||| qw: Melee chars always use a shield: true
     0 | D:1      | 0 ||| qw: God list: Okawaru
     0 | D:1      | 0 ||| qw: Allow faded altars: false
     0 | D:1      | 0 ||| qw: Do Orc after clearing Dungeon:15 true
     0 | D:1      | 0 ||| qw: Do second Lair branch before Depths: true
     0 | D:1      | 0 ||| qw: Lair rune preference: random
     0 | D:1      | 0 ||| qw: Goals: Normal
     0 | D:1      | 0 ||| PLANNING D:1-11
   162 | D:1      | HP: 3/12 [hobgoblin (1)]
   170 | D:1      | Reached XP level 2. HP: 6/16 MP: 4/4
   234 | D:1      | Reached skill level 6 in Ranged Weapons
   256 | D:1      | HP: 4/16 [jackal (3)]
   507 | D:1      | Reached XP level 3. HP: 20/20 MP: 5/5
   532 | D:1      | Found Dekoh's Book Emporium.
   736 | D:1      | 736 ||| READING scroll labelled NETOJY XEFU.
   741 | D:1      | 741 ||| DRINKING 2 murky silvery potions.
   742 | D:1      | 742 ||| DROPPING scroll of butterflies.
   802 | D:2      | Reached skill level 7 in Ranged Weapons
  1095 | D:2      | HP: 5/20 [adder (1)]
  1096 | D:2      | 1096 ||| READING scroll of teleportation.
  1097 | D:2      | HP: 2/20 [poisoned by an adder]
  1100 | D:2      | 1100 ||| DRINKING 3 potions of curing.
  1100 | D:2      | 1100 ||| (to cure poison)
  1240 | D:2      | Reached XP level 4. HP: 25/25 MP: 6/6
  1539 | D:2      | 1539 ||| UPGRADING to +0 troll leather armour.
  1549 | D:2      | 1549 ||| DROPPING +0 leather armour.
  1550 | D:2      | 1550 ||| UPGRADING to +1 ring mail of poison resistance.
  1560 | D:2      | 1560 ||| DROPPING +0 troll leather armour.
  1561 | D:2      | 1561 ||| READING 3 scrolls labelled UDIMAU RELINI.
  1561 | D:2      | 1561 ||| IDENTIFYING ruby potion
  1562 | D:2      | 1562 ||| READING 2 scrolls of identify.
  1562 | D:2      | 1562 ||| IDENTIFYING 3 golden potions
  1563 | D:2      | 1563 ||| READING scroll of identify.
  1563 | D:2      | 1563 ||| IDENTIFYING scroll labelled GEIC TAIPTO
  1564 | D:2      | 1564 ||| READING 2 scrolls labelled BEAJYOCORGH.
  1565 | D:2      | 1565 ||| DROPPING scroll of immolation.
  1566 | D:2      | 1566 ||| DROPPING scroll of fear.
  1715 | D:3      | 1715 ||| FLEEEEING.
  1809 | D:3      | Found a white marble altar of Elyvilon.
  1920 | D:3      | Found a glowing silver altar of Zin.
  2303 | D:3      | Found an ornate altar of the Wu Jian Council.
  2309 | D:3      | 2309 ||| UPGRADING to +0 helmet.
  2314 | D:3      | 2314 ||| UPGRADING to amulet of guardian spirit.
  2319 | D:3      | 2319 ||| READING scroll of identify.
  2319 | D:3      | 2319 ||| IDENTIFYING dark potion
  2320 | D:3      | 2320 ||| READING scroll labelled IPRAYN GEH.
  2426 | D:4      | Found a staircase to the Ecumenical Temple.
  2427 | D:4      | 2427 ||| PLANNING TEMPLE
  2435 | D:4      | Reached skill level 8 in Ranged Weapons
  2441 | Temple   | Entered the Ecumenical Temple
  2442 | Temple   | 2442 ||| PLANNING D:1-11
  2463 | D:4      | Reached XP level 5. HP: 10/29 MP: 2/7
  2463 | D:4      | HP: 6/29 [burnt (4)]
  2465 | D:4      | Incinerated by a bombardier beetle

Levels and vault maps discovered:
D:1:      dpeg_arrival_ternary, layout_basic, serial_shops,
          nicolae_shop_back_alley_shop, hangedman_decor_peaks_small
D:2:      layout_basic, nrook_mini_vaults, grunt_decor_cap
D:3:      layout_loops_cross, pdpol_wu_jian_five_deadly_venoms,
          elyvilon_altar_1, old_standard_altar
D:4:      layout_rooms, minmay_temple_entry_mist
Temple:   nicolae_temple_little_seven

Skill      XL: |  1  2  3  4 |
---------------+-------------+-----
Ranged Weapons | 6 7 8 |  8.7
Fighting       | |  1.5
Dodging        | |  2.4
Stealth        | |  1.2

Action                     |  1- 3 |  4- 6 || total
---------------------------+-------+-------++-------
   Fire: Shortbow          |   137 |    71 ||   208
    Use: Scroll            |     2 |     6 ||     8
         Potion            |     2 |       ||     2
 Armour: Leather armour    |    44 |       ||    44
         Ring mail         |       |    21 ||    21
  Dodge: Dodged            |    68 |    18 ||    86

Table legend:
 A = Non-vault XP
 B = Vault XP
 C = Vault XP percentage of total XP
 D = Non-vault monster count
 E = Vault monster count
 F = Vault count percentage of total count
                 A         B        C        D         E       F
            +---------+---------+-------+---------+---------+-------
      Total |     243 |       0 |   0.0 |      65 |       0 |   0.0
            +---------+---------+-------+---------+---------+-------
        D:1 |      43 |       0 |   0.0 |      25 |       0 |   0.0
        D:2 |      60 |       0 |   0.0 |      19 |       0 |   0.0
        D:3 |      35 |       0 |   0.0 |      14 |       0 |   0.0
        D:4 |     105 |       0 |   0.0 |       7 |       0 |   0.0
            +---------+---------+-------+---------+---------+-------
